 Dungeon Crawl Stone Soup version 0.24.0-13-gcf9b3192b9 (webtiles) character file.

Game seed: 15784882372891272286, levelgen mode: deterministic

1733 Mrkan the Grappler (level 8, -1/83 HPs)
             Began as a Troll Monk on Nov 5, 2019.
             Was an Elder of Yredelemnul.
             Killed by nerve-wracking pain
             ... invoked by an orc priest
              (5 damage)
             ... on level 6 of the Dungeon.
             The game lasted 00:09:40 (4568 turns).

Mrkan the Grappler (Troll Monk)                     Turns: 4568, Time: 00:09:41

Health: -1/83      AC:  7    Str: 20    XL:     8   Next: 76%
Magic:  8/8        EV:  7    Int:  5    God:    Yredelemnul [****..]
Gold:   72         SH:  7    Dex: 12    Spells: 7/7 levels left

rFire    + . .     SeeInvis .     - Unarmed
rCold    . . .     Gourm    +   l - +0 shield
rNeg     . . .     Faith    .   a - +0 robe
rPois    .         Spirit   .   (helmet restricted)
rElec    .         Reflect  .   j - +0 cloak
rCorr    .         Harm     .   (gloves unavailable)
MR       .....                  (boots unavailable)
Stlth    +.........             (no amulet)
HPRegen  0.63/turn              i - -3 ring of intelligence (curse)
MPRegen  0.11/turn              v - ring of protection from fire

@: lethally poisoned (-1 -> -2), glowing
A: large, unfitting armour, claws 3, fast metabolism 3, gourmand, regeneration
1, shaggy fur 1, tough skin 3
a: Recall Undead Slaves, Injury Mirror, Animate Dead, Drain Life, Renounce
Religion


You were on level 6 of the Dungeon.
You worshipped Yredelemnul.
Yredelemnul was greatly pleased with you.
You were very full.

You visited 1 branch of the dungeon, and saw 6 of its levels.
You also visited: Sewer.

You collected 147 gold pieces.
You spent 75 gold pieces at shops.

Inventory:

Missiles
 c - 5 large rocks (quivered)
 m - 10 javelins
Armour
 a - a +0 robe (worn)
 j - a +0 cloak (worn)
 l - a +0 shield (worn)
Jewellery
 i - a cursed -3 ring of intelligence (left claw)
 v - a ring of protection from fire (right claw)
Wands
 h - a wand of acid (10)
 r - a wand of scattershot (5)
 w - a wand of iceblast (6)
Scrolls
 e - 2 scrolls of fog
 f - 5 scrolls of identify
 g - a scroll of magic mapping
 k - 3 scrolls of teleportation
 n - a scroll of enchant armour
Potions
 d - 2 potions of haste {unknown}
 o - a potion of curing {unknown}
 p - a potion of heal wounds {unknown}
 q - 2 potions of agility {unknown}
 s - 4 potions of flight
 t - 2 potions of degeneration {unknown}
Comestibles
 b - 6 rations


   Skills:
 + Level 5.9 Fighting
 - Level 2.4 Dodging
 - Level 1.0 Stealth
 - Level 9.5 Unarmed Combat
 * Level 1.4 Invocations


You had 7 spell levels left.
You didn't know any spells.
Your spell library was empty.

Dungeon Overview and Level Annotations

Branches:
Dungeon (6/15)             Temple (0/1) D:4           Sewer (visited)

Altars:
Kikubaaqudgha
Makhleb
Qazlal
Sif Muna
Wu Jian
Xom
Yredelemnul
The Shining One

Shops:
D:4 ((?*

Annotations:
D:3 2 runed translucent doors, hofbold's ghost, amateur TrTm
D:6 3 runed translucent doors, Curus's ghost, novice MiFi


Innate Abilities, Weirdness & Mutations

You are too large for most types of armour.
You have claws for hands.
Your metabolism is lightning-fast.
You like to eat raw meat.
Your natural rate of healing is unusually fast.
You are covered in fur. (AC +1)
You have extremely tough skin. (AC +3)


Message History

Beogh smites you!
* * * LOW HITPOINT WARNING * * *
You closely miss the orc priest.
The orc priest is almost dead.
You block the gnoll's attack.
The gnoll hits you from afar with a +0 halberd.
* * * LOW HITPOINT WARNING * * *
The gnoll hits you but does no damage.
The orc priest hits you but does no damage.
You are poisoned.
The gnoll closely misses you.
The gnoll shaman calls upon its god to speed up the gnoll.
The gnoll seems to speed up.
Okay, then.
You feel sick.
You feel sick.
The orc priest invokes the aid of Beogh against you.
Pain shoots through your body!
You die...
Your body rises from the dead as a mindless zombie.

.........#####...
#..........#... ..#
#...........# ...
#.........# ..#
##........# #..#
#........# #...##
#......gg###.....#
.......###go....#
.##### ......##
####@### ..#...
####..# Z#.#W#.###
..... #.#
#.....#...##..# #.
##...Z+......# .
#.(...+..#..##
##?..Z+.###..###
#.....#.##.....#
.....
#.#.#.#....###.....
.......
#######...## #..##


You could see a gnoll shaman, an orc priest, Curus's ghost, 2 gnolls, a bullfrog
simulacrum and a worker ant zombie.

Vanquished Creatures
  Grinder (D:4)
  A hippogriff (D:1)
  Duvessa (D:5)
  2 orc warriors (D:6)
  A hornet zombie (D:6)
  An ice beast (D:5)
  An ogre (D:6)
  A bullfrog (D:6)
  Dowan (D:5)
  A howler monkey (D:6)
  2 crimson imps (D:5)
  An orc wizard (D:3)
  Crazy Yiuf (D:2)
  An orc priest (D:6)
  A gnoll shaman (D:5)
  2 hounds
  2 worker ants (D:4)
  6 gnolls
  A howler monkey skeleton (D:4)
  A river rat (D:4)
  11 adders
  An adder skeleton (D:5)
  An adder zombie (D:5)
  8 worms
  2 dart slugs
  3 leopard geckos
  13 orcs
  5 ball pythons
  2 bat zombies (D:3)
  5 giant cockroaches
  6 goblins
  3 hobgoblins
  20 jackals
  5 kobolds
  A quokka (D:2)
  12 bats
  8 frilled lizards
  A jackal zombie (D:5)
  A leopard gecko skeleton (D:4)
  10 rats
  A rat zombie (D:3)
148 creatures vanquished.

Vanquished Creatures (others)
  A human (D:5)
1 creature vanquished.

Grand Total: 149 creatures vanquished

Notes
Turn   | Place    | Note
-------+----------+-------------------------------------------
     0 | D:1      | Mrkan the Troll Monk began the quest for the Orb.
     0 | D:1      | Reached XP level 1. HP: 22/22 MP: 0/0
     6 | D:1      | Noticed a wyvern
     6 | D:1      | Noticed an anaconda
     6 | D:1      | Noticed a redback
     7 | D:1      | Noticed a lindwurm
   149 | D:1      | Reached XP level 2. HP: 29/29 MP: 1/1
   614 | D:2      | Reached XP level 3. HP: 36/36 MP: 2/2
   629 | D:2      | Found a runed translucent door.
   630 | D:2      | Noticed Crazy Yiuf
   639 | D:2      | Killed Crazy Yiuf
   639 | D:2      | Reached skill level 4 in Unarmed Combat
   805 | D:2      | Reached XP level 4. HP: 45/45 MP: 3/3
  1252 | D:2      | Noticed a hippogriff
  1261 | D:2      | HP: 2/45 [hippogriff (5)]
  1347 | D:1      | Killed a hippogriff
  1347 | D:1      | Reached skill level 5 in Unarmed Combat
  1347 | D:1      | Reached XP level 5. HP: 26/54 MP: 4/4
  1347 | D:1      | Reached XP level 6. HP: 30/62 MP: 5/5
  1696 | D:3      | Found a basalt altar of Yredelemnul.
  1703 | D:3      | Became a worshipper of Yredelemnul the Dark
  1703 | D:3      | Reached * piety under Yredelemnul
  1703 | D:3      | Reached ** piety under Yredelemnul
  1860 | D:3      | Found a runed translucent door.
  1864 | D:3      | Noticed hofbold's ghost (amateur TrTm)
  1911 | D:3      | Reached skill level 6 in Unarmed Combat
  2041 | D:3      | Found an ancient bone altar of Kikubaaqudgha.
  2116 | D:3      | Found a glowing golden altar of the Shining One.
  2247 | D:3      | Found a runed translucent door.
  2390 | D:4      | Found a glowing drain.
  2432 | Sewer    | Entered a sewer
  2785 | D:4      | Noticed Grinder
  2793 | D:4      | Killed Grinder
  2793 | D:4      | Reached skill level 7 in Unarmed Combat
  2793 | D:4      | Reached XP level 7. HP: 29/71 MP: 6/6
  2899 | D:4      | Found a staircase to the Ecumenical Temple.
  2919 | D:4      | Found an ornate altar of the Wu Jian Council.
  2947 | D:4      | Found Alisch's General Store.
  2986 | D:4      | Reached *** piety under Yredelemnul
  2999 | D:4      | Found Yruit's Magic Scroll Boutique.
  3005 | D:4      | Bought a scroll of enchant armour for 75 gold pieces
  3052 | D:4      | Found Ucic's Weapon Shoppe.
  3076 | D:4      | Found Neywesi's Antique Weapon Boutique.
  3339 | D:4      | Found a shimmering blue altar of Sif Muna.
  3433 | D:4      | Found a stormy altar of Qazlal.
  3700 | D:5      | Entered Level 5 of the Dungeon
  3752 | D:5      | Found a burning altar of Makhleb.
  3752 | D:5      | Noticed Dowan
  3753 | D:5      | Noticed Duvessa
  3777 | D:5      | Killed Duvessa
  3782 | D:5      | Killed Dowan
  3782 | D:5      | Reached skill level 8 in Unarmed Combat
  3820 | D:5      | Reached skill level 5 in Fighting
  3960 | D:5      | Reached XP level 8. HP: 68/80 MP: 7/7
  3969 | D:5      | Found an ancient bone altar of Kikubaaqudgha.
  3987 | D:5      | Found a shimmering altar of Xom.
  4165 | D:5      | Found a burning altar of Makhleb.
  4355 | D:6      | Reached skill level 9 in Unarmed Combat
  4474 | D:6      | Reached **** piety under Yredelemnul
  4527 | D:6      | Found a runed translucent gate.
  4527 | D:6      | Found a runed translucent gate.
  4528 | D:6      | Found a runed translucent gate.
  4529 | D:6      | Noticed Curus's ghost (novice MiFi)
  4555 | D:6      | Reached skill level 1 in Invocations
  4568 | D:6      | HP: 4/83 [poisoned by an orc priest]
  4568 | D:6      | Killed from afar by an orc priest

Levels and vault maps discovered:
D:1:      onia_arrival_zoo_common, layout_loops_cross, minmay_tetromino_o2
D:2:      layout_basic, chequers_serial_rivers_micro_d, st_stairs_3,
          nrook_loot_triangle, uniq_crazy_yiuf_cottage
D:3:      layout_loops_ring, yredelemnul_altar_generic,
          lemuel_zombie_altar_kikubaaqudgha, lemuel_coloured_pillars_altar,
          ebering_ghost_sewer_f, first_ration
D:4:      layout_basic, old_standard_altar, marbit_many_paths,
          nicolae_qazlal_eye_of_the_storm, minmay_temple_entry_waves,
          serial_shops, shop, nicolae_shop_behind_doors, shop, shop,
          portal_sewer_entry_a, uniq_grinder
D:5:      layout_cave_pools, lightli_temple_of_fire, lemuel_doored_altar,
          basic_altar, small_statue_intersection, tgw_kikubaaqudgha,
          uniq_duvessa
D:6:      layout_layer_cave, gammafunk_ghost_necromancy

Skill      XL: |  1  2  3  4  5  6  7  8 |
---------------+-------------------------+-----
Fighting       | 3 4 5 |  5.9
Unarmed Combat | 4 5 7 8 9 |  9.5
Invocations    | 1 |  1.4
Dodging        | |  2.4
Stealth        | |  1.0

Action                   |  1- 3 |  4- 6 |  7- 9 || total
-------------------------+-------+-------+-------++-------
Melee: Unarmed           |    68 |   179 |   161 ||   408
       Punch             |     1 |       |       ||     1
  Use: Scroll            |       |     6 |     1 ||     7
 Stab: Sleeping          |     2 |     4 |     1 ||     7
  Eat: Chunk             |     8 |    24 |    16 ||    48
Armor: Robe              |    31 |   131 |    52 ||   214
Dodge: Dodged            |    40 |    96 |    45 ||   181
Block: Shield            |       |    95 |    49 ||   144
